 Dungeon Crawl Stone Soup version 0.23-a0-151-gf6d1ed2 (webtiles) character file.

100 Amnesiac the Chiller (level 4, -4/30 HPs)
             Began as a Mummy Ice Elementalist on Sept 8, 2018.
             Slain by a water moccasin (8 damage)
             ... on level 6 of the Dungeon.
             The game lasted 00:02:43 (938 turns).

Amnesiac the Chiller (Mummy Ice Elementalist)        Turns: 938, Time: 00:02:44

Health: -4/30      AC:  2    Str: 11    XL:     4   Next: 46%
Magic:  3/9        EV: 12    Int: 20    God:
Gold:   48         SH:  0    Dex: 12    Spells: 2/10 levels left

rFire    . . .     SeeInvis .   i - +0 short sword
rCold    . . .     Gourm    .   (no shield)
rNeg     + + +     Faith    .   a - +0 robe
rPois    ∞         Spirit   .   (no helmet)
rElec    .         Reflect  .   (no cloak)
rCorr    .         Harm     .   (no gloves)
MR       .....                  (no boots)
Stlth    ++........             k - amulet of the acrobat
HPRegen  0.10/turn              c - ring of fire
MPRegen  0.11/turn              d - +5 ring of intelligence

@: no status effects
A: no food or potions, fire vulnerability, cold resistance 1, negative energy
resistance 3, torment resistance, unbreathing
a: no special abilities


You were on level 6 of the Dungeon.
You were not hungry.

You visited 1 branch of the dungeon, and saw 6 of its levels.

You collected 48 gold pieces.

Inventory:

Hand Weapons
 i - a +0 short sword (weapon)
Armour
 a - a +0 robe (worn)
 g - a +0 buckler
 j - a +0 leather armour
Jewellery
 c - a ring of fire (left hand)
 d - a +5 ring of intelligence (right hand)
 f - a +6 ring of strength
 k - an amulet of the acrobat (around neck)
Wands
 m - a wand of scattershot (4)
Scrolls
 b - a scroll of identify {!r}
 e - a scroll of remove curse {!r}
 h - a scroll of enchant weapon {!r}
 l - a scroll of enchant armour {!r, unknown}


   Skills:
 - Level 1.5 Dodging
 - Level 1.5 Stealth
 + Level 3.8 Spellcasting
 - Level 0.7 Conjurations
 * Level 3.9 Ice Magic


You had 2 spell levels left.
You knew the following spells:

 Your Spells              Type           Power        Failure   Level  Hunger
a - Freeze                Ice            ###.         2%          1    N/A
d - Throw Icicle          Conj/Ice       ##......     45%         4    N/A
z - Ozocubu's Armour      Chrm/Ice       ##......     17%         3    N/A

Your spell library contained the following spells:

 Spells                   Type           Power        Failure   Level  Hunger
 Throw Frost              Conj/Ice       ##....       8%          2    N/A
 Confusing Touch          Hex            #.....       13%         1    N/A
 Confuse                  Hex            #.......     36%         3    N/A
 Gell's Gravitas          Tloc           #.........   36%         3    N/A
 Summon Ice Beast         Ice/Summ       ##......     50%         4    N/A
 Petrify                  Tmut/Erth      #.......     78%         4    N/A
 Metabolic Englaciation   Hex/Ice        ##........   85%         5    N/A
 Yara's Violent Unravell  Hex/Tmut       #.........   98%         5    N/A

Dungeon Overview and Level Annotations

Branches:
Dungeon (6/15)
 Temple: D:4-7

Altars:
Qazlal


Innate Abilities, Weirdness & Mutations

You do not eat or drink.
Your flesh is vulnerable to fire.
You are immune to poison.
Your flesh is cold resistant. (rC+)
You are immune to negative energy. (rN+++)
You are immune to unholy pain and torment.
You can survive without breathing.


Message History

You start resting.
HP restored.
You start resting.
HP restored.
Your amulet attunes itself to your body.
You feel like doing cartwheels.
The water moccasin hisses angrily.
The water moccasin bites you! The water moccasin bites you.
Found 23 bolts.
You see here a wand of scattershot (4).
m - a wand of scattershot (4)
The water moccasin barely misses you.
Casting: Freeze (safe; 2% risk of failure)
Confirm with . or Enter, or press ? or * to list all spells.
Aiming: Freeze (safe; 2% risk of failure)
Press: ? - help, Shift-Dir - straight line, f - water moccasin
Aim: a water moccasin You freeze the water moccasin.
The water moccasin is lightly wounded.
The water moccasin barely misses you. The water moccasin bites you!
* * * LOW HITPOINT WARNING * * *
Casting: Freeze (safe; 2% risk of failure)
Confirm with . or Enter, or press ? or * to list all spells.
Aiming: Freeze (safe; 2% risk of failure)
Press: ? - help, Shift-Dir - straight line, f/p - water moccasin
Aim: a water moccasin (lightly wounded)
You freeze the water moccasin.
The water moccasin seems to slow down.
The water moccasin is moderately wounded.
The water moccasin barely misses you.
Casting: Freeze (safe; 2% risk of failure)
Confirm with . or Enter, or press ? or * to list all spells.
Aiming: Freeze (safe; 2% risk of failure)
Press: ? - help, Shift-Dir - straight line, f/p - water moccasin
Aim: a water moccasin (moderately wounded, slow)
You freeze the water moccasin.
The water moccasin seems to slow down.
The water moccasin is moderately wounded.
The water moccasin bites you!
* * * LOW HITPOINT WARNING * * *
Casting: Freeze (safe; 2% risk of failure)
Confirm with . or Enter, or press ? or * to list all spells.
Aiming: Freeze (safe; 2% risk of failure)
Press: ? - help, Shift-Dir - straight line, f/p - water moccasin
Aim: a water moccasin (moderately wounded, slow)
You freeze the water moccasin.
The water moccasin seems to slow down.
The water moccasin is heavily wounded.
The water moccasin completely misses you.
Casting: Freeze (safe; 2% risk of failure)
Confirm with . or Enter, or press ? or * to list all spells.
Aiming: Freeze (safe; 2% risk of failure)
Press: ? - help, Shift-Dir - straight line, f/p - water moccasin
Aim: a water moccasin (heavily wounded, slow)
You freeze the water moccasin.
The water moccasin is severely wounded.
The water moccasin bites you.
* * * LOW HITPOINT WARNING * * *
Casting: Freeze (safe; 2% risk of failure)
Confirm with . or Enter, or press ? or * to list all spells.
Aiming: Freeze (safe; 2% risk of failure)
Press: ? - help, Shift-Dir - straight line, f/p - water moccasin
Aim: a water moccasin (severely wounded, slow)
You freeze the water moccasin.
The water moccasin seems to slow down.
The water moccasin is severely wounded.
The water moccasin bites you!
You die...

#..(... #......
+...... #.....#
#.....#
#.....########+##
#...............#
#....@S.........#
#...........(...#
######..........#
#..........#
#..........+
#..........#
#..........#
#..........#
#.....<....+


You could see a water moccasin.

Vanquished Creatures
  An orc wizard (D:3)
  A worker ant (D:4)
  2 adders (D:2)
  A worm (D:3)
  A leopard gecko (D:2)
  3 orcs (D:4)
  A giant cockroach (D:1)
  A goblin (D:3)
  4 hobgoblins
  2 jackals (D:2)
  2 quokkas
  3 bats
  2 frilled lizards
24 creatures vanquished.

Vanquished Creatures (others)
  3 orcs (D:3)
  A frilled lizard (D:3)
4 creatures vanquished.

Grand Total: 28 creatures vanquished

Notes
Turn   | Place    | Note
-------+----------+-------------------------------------------
     0 | D:1      | Amnesiac the Mummy Ice Elementalist began the quest for the
                  | Orb.
     0 | D:1      | Reached XP level 1. HP: 13/13 MP: 4/4
   266 | D:2      | Reached XP level 2. HP: 19/19 MP: 3/6
   309 | D:2      | Reached XP level 3. HP: 19/24 MP: 0/7
   448 | D:2      | Learned a level 3 spell: Ozocubu's Armour
   670 | D:3      | Found a stormy altar of Qazlal.
   701 | D:3      | Reached XP level 4. HP: 23/30 MP: 4/9
   716 | D:4      | Learned a level 4 spell: Throw Icicle
   803 | D:5      | Entered Level 5 of the Dungeon
   822 | D:6      | Noticed a water moccasin
   938 | D:6      | Slain by a water moccasin

Vault maps used:
D:1:      dpeg_arrival_rooms_with_view
D:2:      first_ration, uniq_natasha
D:3:      lemuel_castle_with_subvaults, grunt_qazlal_clouds, lemuel_flame_loot_1
D:4:      lemuel_round_altar, nicolae_ossuary_entry_monument
D:5:      temple_fountains, uniq_ijyb, uniq_crazy_yiuf_cottage, uniq_menkaure
D:6:      lemuel_round_altar, overflow_temple_1_default, serial_shops, shop,
          shop, minmay_misc_feat_tiny

Skill      XL: |  1 |
---------------+----+-----
Spellcasting   | 3 |  3.8
Ice Magic      | 3 |  3.9
Dodging        | |  1.5
Stealth        | |  1.5
Conjurations   | |  0.7

Action                   |  1- 3 |  4- 6 || total
-------------------------+-------+-------++-------
Melee: Unarmed           |     7 |       ||     7
 Cast: Freeze            |    38 |    15 ||    53
  Use: Scroll            |       |     2 ||     2
Armor: Robe              |     3 |     1 ||     4
Dodge: Dodged            |    22 |     6 ||    28

Table legend:
 A = Non-vault XP
 B = Vault XP
 C = Vault XP percentage of total XP
 D = Non-vault monster count
 E = Vault monster count
 F = Vault count percentage of total count
                 A         B        C        D         E       F
            +---------+---------+-------+---------+---------+-------
      Total |     141 |       2 |   1.4 |      23 |       1 |   4.2
            +---------+---------+-------+---------+---------+-------
        D:1 |       7 |       2 |  22.2 |       4 |       1 |  20.0
        D:2 |      41 |       0 |   0.0 |      10 |       0 |   0.0
        D:3 |      50 |       0 |   0.0 |       5 |       0 |   0.0
        D:4 |      43 |       0 |   0.0 |       4 |       0 |   0.0
            +---------+---------+-------+---------+---------+-------
